 Dungeon Crawl Stone Soup version 0.21-a0-95-g06f091e (webtiles) character file.

22243 hairmachine the Summoner (level 12, -4/67 HPs)
             Began as a Vine Stalker Summoner on July 4, 2017.
             Was a High Priest of Sif Muna.
             Killed from afar by a raiju (14 damage)
             ... with a living lightning
             ... on level 6 of the Lair of Beasts.
             The game lasted 02:16:22 (22627 turns).

hairmachine the Summoner (Vine Stalker Summoner)   Turns: 22627, Time: 02:16:23

Health: -4/67      AC:  7    Str: 10    XL:     12   Next: 98%
Magic:  0/21       EV: 15    Int: 24    God:    Sif Muna [*****.]
Gold:   726        SH:  0    Dex: 20    Spells: 1/22 levels left

rFire    . . .     SeeInvis +     - Unarmed
rCold    x . .     Gourm    .   (shield currently unavailable)
rNeg     . . .     Faith    .   a - +0 robe
rPois    +         Spirit   +   V - +2 hat {Int+3}
rElec    .         Reflect  .   G - +0 cloak
rCorr    .         Harm     .   (gloves currently unavailable)
MR       +....                  p - +1 pair of boots
Stlth    +++.......             J - amulet "Waenimp" {Spirit rPois rC- Dex+5}
HPRegen  1.01/turn              u - ring of stealth
MPRegen  0.17/turn              H - ring of see invisible

@: blade hands (expiring), divine energy
A: fangs 3, clever 1, clumsy 1, sense surroundings 1, regeneration 2, wild magic
1, magic shield, antimagic bite, no potion heal 3, rot immunity
a: End Transformation, Stop Divine Energy, Channel Magic, Forget Spell, Renounce
Religion


You were on level 6 of the Lair of Beasts.
You worshipped Sif Muna.
Sif Muna was extremely pleased with you.
You were hungry.
You had blades for hands.
You visited 3 branches of the dungeon, and saw 17 of its levels.
You also visited: Ossuary.

You collected 726 gold pieces.

Inventory:

Missiles
 v - 5 poisoned tomahawks (quivered)
Armour
 a - a +0 robe (worn)
 p - a +1 pair of boots (worn)
 y - a +1 pair of gloves (melded)
 E - a +0 buckler
 G - a +0 cloak (worn)
 V - a +2 hat of intelligence (worn)
Jewellery
 l - an uncursed ring of ice
 u - a ring of stealth (left scythe-like blade)
 H - a ring of see invisible (right scythe-like blade)
 J - the amulet "Waenimp" (around neck) {Spirit rPois rC- Dex+5}
   (You found it on level 7 of the Dungeon)

   [amulet of guardian spirit]

   It causes incoming damage to be split between your health and magic.
   It affects your dexterity (+5).
   It makes you vulnerable to cold.
   It protects you from poison.
Wands
 e - a wand of polymorph (9/24)
 j - a wand of confusion (40/48)
 r - a wand of disintegration (8/24)
 M - a wand of random effects (14/48)
 O - a wand of flame (20/48)
 T - a wand of disintegration (6/24)
 W - a wand of acid (15/15)
Scrolls
 d - 3 scrolls of fear
 f - 6 scrolls of teleportation
 m - 4 scrolls of enchant weapon
 t - 3 scrolls of recharging
 x - 2 scrolls of fog
 C - 3 scrolls of identify
 F - 5 scrolls of remove curse
Potions
 i - 12 potions of curing
 k - 3 potions of mutation
 n - a potion of degeneration {unknown}
 o - 3 potions of magic
 q - 2 potions of haste {unknown}
 s - 3 potions of flight
 w - a potion of might {unknown}
 z - 5 potions of brilliance {unknown}
 B - a potion of resistance {unknown}
 I - 2 potions of berserk rage {unknown}
 L - 2 potions of lignification {unknown}
 N - 2 potions of agility {unknown}
Books
 g - a book of Necromancy

   Spells                             Type                      Level
   a - Pain                           Necromancy                   1
   b - Animate Skeleton               Necromancy                   1
   c - Vampiric Draining              Necromancy                   3
   d - Regeneration                   Charms/Necromancy            3
   e - Animate Dead                   Necromancy                   4
   f - Control Undead                 Necromancy                   4
 A - a book of Dreams

   Spells                             Type                      Level
   a - Ensorcelled Hibernation        Hexes/Ice                    2
   b - Silence                        Hexes/Air                    5
   c - Darkness                       Hexes                        6
   d - Shadow Creatures               Summoning                    6
 P - a book of Air

   Spells                             Type                      Level
   a - Shock                          Conjuration/Air              1
   b - Swiftness                      Charms/Air                   2
   c - Static Discharge               Conjuration/Air              3
   d - Airstrike                      Air                          4
   e - Lightning Bolt                 Conjuration/Air              5
Miscellaneous
 Y - a lightning rod (4/4)
 Z - a lamp of fire
Comestibles
 b - 9 chunks of flesh
 c - 7 bread rations
 h - 7 meat rations
 D - 8 fruits
 R - 10 royal jellies


   Skills:
 - Level 10.0 Fighting
 - Level 4.5 Dodging
 - Level 2.4 Stealth
 + Level 1.6 Shields
 + Level 6.2 Unarmed Combat
 + Level 5.6 Spellcasting
 + Level 11.6 Summonings
 - Level 8.0 Transmutations
 - Level 4.8 Ice Magic
 - Level 5.2 Air Magic


You had one spell level left.
You knew the following spells:

 Your Spells              Type           Power        Failure   Level  Hunger
a - Summon Small Mammal   Summ           ####         10%         1    None
b - Call Imp              Summ           ######..     11%         2    None
c - Call Canine Familiar  Summ           ######..     13%         3    #......
d - Summon Lightning Spi  Summ/Air       ######..     32%         4    ###....
e - Summon Ice Beast      Ice/Summ       ######..     32%         4    ###....
f - Blink                 Tloc           N/A          58%         2    None
g - Blade Hands           Tmut           ######....   52%         5    #####..


Dungeon Overview and Level Annotations

Branches:
Dungeon (10/15)            Temple (1/1) D:7            Lair (6/6) D:8
  Swamp (0/4) Lair:3        Snake (0/4) Lair:2        Slime (0/5) Lair:6
    Orc (0/2) D:9

Altars:
Ashenzari
Cheibriados
Dithmenos
Elyvilon
Fedhas
Gozag
Hepliaklqana
Kikubaaqudgha
Makhleb
Nemelex Xobeh
Okawaru
Qazlal
Ru
Sif Muna
Trog
Uskayaw
Vehumet
Wu Jian
Xom
Yredelemnul
Zin
The Shining One

Annotations:
D:6 exclusion: downstairs
D:7 exclusion: downstairs
Lair:4 exclusions: electric eel and 2 oklob plants
Lair:5 exclusion: oklob plant


Innate Abilities, Weirdness & Mutations

You have razor-sharp teeth.
You heal very quickly.
When hurt, damage is shared between your health and your magic reserves.
Your bite disrupts and absorbs the magic of your enemies.
Potions cannot restore your health.
You are immune to rotting.
Your mind is acute. (Int +2)
You are clumsy. (Dex -2)
You passively map a small area around you.
Your spells are a little harder to cast, but a little more powerful.


Message History

The bolt of electricity hits the warg. x2
The bolt of electricity hits your lightning spire.
Your lightning spire completely resists.
The raiju misses you. The warg bites your lightning spire.
You hit the raiju.
The raiju is severely wounded.
Your lightning spire shoots out a bolt of lightning at the raiju!
The bolt of electricity hits the polar bear.
The bolt of electricity misses the raiju.
The raiju bites you.
* * * LOW HITPOINT WARNING * * *
The raiju shocks you!
* * * LOW HITPOINT WARNING * * *
The warg bites your lightning spire!
Your lightning spire is destroyed!
The warg howls!
Okay, then.
The raiju bursts into living lightning!
The living lightning misses you. The living lightning hits you!
You die...

* , * ## , , , ##.#. * ,, ##.....
, , ###.... , .. , #.....*
.h..### #..# ,* * ... ,
#.%..##..#######* ##.....
#..h.#...#.##### #......
...hh.P#.÷hhh.@.#....###.##..,
###...P#.#...÷h.......#......
#%.h.#P##.#.#.#.....#P..P#, ,.
#.#..#P# ########...#P....# ... #
#.###* ####......###.. ##
##.......##.. * ##P........P..
####P..P.........
#################.......##.......


You could see a polar bear, a raiju, a warg and 2 black bears.

Vanquished Creatures
  An elephant (Lair:6)
  A black mamba (Lair:6)
  A spiny frog (Lair:5)
  A komodo dragon (Lair:4)
  A raiju (Lair:6)
  A hippogriff (D:7)
  A blink frog (Lair:6)
  2 yaks
  A warg (Lair:6)
  3 porcupines
  A sky beast (D:6)
  A black bear (Lair:6)
  2 phantoms
  4 wolves
  A crocodile (Lair:2)
  3 bullfrogs
  A water moccasin zombie (Ossuary)
  2 scorpions (D:6)
  A wight (D:9)
  A howler monkey (D:4)
  2 crimson imps (D:8)
  3 hounds
  A bullfrog skeleton (D:8)
  2 iguanas
  An orc wizard (D:9)
  3 big kobold zombies (Ossuary)
  A hound skeleton (D:9)
  A mummy (D:4)
  3 adders
  5 oozes
  3 adder zombies (Ossuary)
  2 adder skeletons
  A dart slug (D:2)
  6 leopard geckos
  3 orcs
  3 ball pythons
  6 giant cockroaches
  A gnoll zombie (Ossuary)
  2 goblins
  2 hobgoblins
  9 jackals
  A quokka (D:2)
  8 bats
  3 frilled lizards
  A hobgoblin zombie (Ossuary)
  A jackal skeleton (D:5)
  4 rats
108 creatures vanquished.

Vanquished Creatures (collateral kills)
  Gastronok (Lair:2)
  Nessos (Lair:5)
  4 hydras
  4 death yaks
  Nergalle (Lair:4)
  Pikel (D:7)
  8 elephants
  5 black mambas
  18 spiny frogs
  A torpor snail (Lair:6)
  4 rime drakes
  10 komodo dragons
  A queen bee (Lair:2)
  Grinder (D:5)
  17 blink frogs
  3 hippogriffs
  A shadow (D:8)
  4 wyverns
  17 yaks
  A hungry ghost (D:9)
  A basilisk (Lair:5)
  A warg (Lair:6)
  3 nagas (Lair:2)
  A hell hound (Lair:6)
  8 water moccasins
  6 porcupines
  A black bear (Lair:6)
  2 orc warriors (D:6)
  A phantom (D:6)
  A sky beast (D:7)
  4 ogres
  3 centaurs
  3 wolves
  6 crocodiles
  10 bullfrogs
  A water moccasin zombie (Ossuary)
  4 scorpions
  30 killer bees
  11 wights
  A howler monkey (D:5)
  2 electric eels
  2 crimson imps (D:5)
  A centaur zombie (D:6)
  7 orc wizards
  A bullfrog skeleton (D:8)
  7 orc priests
  4 jellies
  3 worker ants
  A big kobold zombie (Ossuary)
  2 mummies (Ossuary)
  A worker ant zombie (D:6)
  5 adders
  A shadow imp (D:9)
  7 oozes
  An adder zombie (D:6)
  4 worms
  2 dart slugs
  A leopard gecko (D:4)
  35 orcs
  2 bats
  5 giant cockroaches
  4 goblins
  4 hobgoblins
  6 jackals
  2 quokkas (D:2)
  A ball python (D:1)
  A frilled lizard (D:4)
  2 gnoll zombies (Ossuary)
  A hobgoblin zombie (Ossuary)
  3 kobolds
  6 kobold zombies
  4 orc zombies
  A rat (D:1)
  2 plants (Lair:3)
332 creatures vanquished.

Vanquished Creatures (others)
  A hydra (Lair:6)
  A black mamba (Lair:6)
  A hungry ghost (D:7)
  A slave (D:7)
  A water moccasin zombie (Ossuary)
  A scorpion (D:7)
  A howler monkey (D:7)
  An adder (D:7)
  A quokka (D:7)
  12 fungi
  17 plants
38 creatures vanquished.

Grand Total: 478 creatures vanquished

Notes
Turn   | Place    | Note
-------+----------+-------------------------------------------
     0 | D:1      | hairmachine the Vine Stalker Summoner began the quest for the Orb.
     0 | D:1      | Reached XP level 1. HP: 9/9 MP: 4/4
   302 | D:1      | Reached XP level 2. HP: 10/13 MP: 6/6
   497 | D:1      | Learned a level 2 spell: Call Imp
   554 | D:1      | Reached skill level 1 in Unarmed Combat
  1308 | D:2      | Reached XP level 3. HP: 14/16 MP: 2/7
  1450 | D:2      | Learned a level 3 spell: Call Canine Familiar
  1562 | D:2      | Found an iron altar of Okawaru.
  2045 | D:2      | Found a blossoming altar of Fedhas.
  2259 | D:2      | Found a sparkling altar of Nemelex Xobeh.
  2642 | D:3      | Gained mutation: Your natural rate of healing is unusually fast. [Vine Stalker growth]
  2642 | D:3      | Reached XP level 4. HP: 21/21 MP: 1/8
  4179 | D:4      | Reached skill level 1 in Fighting
  4179 | D:4      | Reached XP level 5. HP: 11/25 MP: 5/11
  4213 | D:4      | Learned a level 4 spell: Summon Lightning Spire
  4450 | D:4      | Found a sand-covered staircase.
  4487 | Ossuary  | Entered an ossuary
  4553 | Ossuary  | Reached skill level 1 in Air Magic
  4581 | Ossuary  | Reached XP level 6. HP: 21/30 MP: 4/12
  5769 | D:4      | Found a snail-covered altar of Cheibriados.
  5875 | D:5      | Entered Level 5 of the Dungeon
  5926 | D:5      | Found a stormy altar of Qazlal.
  6041 | D:5      | Noticed Grinder
  6071 | D:5      | Found a hazy altar of Hepliaklqana.
  6080 | D:5      | Paralysed by Grinder for 6 turns
  6097 | D:5      | Killed Grinder
  6097 | D:5      | Reached skill level 5 in Summonings
  6097 | D:5      | Reached XP level 7. HP: 24/35 MP: 6/13
  6516 | D:5      | Found a hide-covered altar of Uskayaw.
  6518 | D:5      | Noticed a hand axe
  6518 | D:5      | Noticed a dagger
  6897 | D:6      | Reached skill level 5 in Air Magic
  7177 | D:6      | Gained mutation: You have razor-sharp teeth. [Vine Stalker growth]
  7177 | D:6      | Reached XP level 8. HP: 40/40 MP: 4/14
  7267 | D:6      | Reached skill level 6 in Summonings
  8060 | D:6      | Gained mutation: Your mind is acute. (Int +2) [mutagenic meat]
  8061 | D:6      | Gained mutation: Your spells are a little harder to cast, but a little more powerful. [mutagenic meat]
  8062 | D:6      | Gained mutation: You passively map a small area around you. [mutagenic meat]
  8063 | D:6      | Gained mutation: You are clumsy. (Dex -2) [mutagenic meat]
  8452 | D:6      | Reached skill level 7 in Summonings
  8614 | D:7      | Found a staircase to the Ecumenical Temple.
  8750 | D:7      | Noticed a hippogriff
  8767 | D:7      | Killed a hippogriff
  8767 | D:7      | Reached skill level 5 in Fighting
  8844 | D:7      | Reached XP level 9. HP: 47/47 MP: 10/15
  8888 | D:7      | Noticed Pikel
  8895 | D:7      | Killed Pikel
  8895 | D:7      | Reached skill level 8 in Summonings
  8956 | D:7      | Got a transparent jade amulet
  9004 | D:7      | Identified the amulet "Waenimp" {Spirit rPois rC- Dex+5} (You found it on level 7 of the Dungeon)
  9112 | D:7      | Learned a level 4 spell: Summon Ice Beast
  9158 | Temple   | Entered the Ecumenical Temple
  9174 | Temple   | Became a worshipper of Sif Muna the Loreminder
  9474 | D:7      | Reached skill level 1 in Ice Magic
 10435 | D:8      | Noticed an unseen horror
 10728 | D:8      | Found a stormy altar of Qazlal.
 10786 | D:8      | Found a staircase to the Lair.
 11368 | D:9      | Found a glowing golden altar of the Shining One.
 11408 | D:9      | Found a staircase to the Orcish Mines.
 11618 | D:9      | Reached * piety under Sif Muna
 11925 | D:9      | Found an ancient bone altar of Kikubaaqudgha.
 11980 | D:9      | Reached XP level 10. HP: 44/55 MP: 16/16
 12077 | D:9      | Found an opulent altar of Gozag.
 12113 | D:9      | Identified the Handbook of Aid and Dislocation
 12135 | D:9      | Noticed a cyclops
 12215 | D:10     | Entered Level 10 of the Dungeon
 12263 | Lair:1   | Entered Level 1 of the Lair of Beasts
 12597 | Lair:1   | Noticed a spiny frog
 12603 | Lair:1   | Killed a spiny frog
 12874 | Lair:1   | Learned a level 2 spell: Blink
 13077 | Lair:1   | Noticed a black mamba
 13094 | Lair:1   | Killed a black mamba
 13813 | Lair:1   | Reached skill level 5 in Spellcasting
 13861 | Lair:2   | Noticed Gastronok
 13885 | Lair:2   | Noticed a black mamba
 13975 | Lair:2   | Noticed a spiny frog
 14036 | Lair:2   | Killed a spiny frog
 14383 | Lair:2   | Killed Gastronok
 14480 | Lair:2   | Noticed a spiny frog
 14491 | Lair:2   | Killed a spiny frog
 14491 | Lair:2   | Reached XP level 11. HP: 62/62 MP: 11/19
 14503 | Lair:2   | Reached ** piety under Sif Muna
 14598 | Lair:2   | Reached skill level 9 in Summonings
 15404 | Lair:2   | Reached skill level 10 in Summonings
 15514 | Lair:2   | Noticed a six-headed hydra
 15547 | Lair:2   | Killed a six-headed hydra
 15547 | Lair:2   | Reached *** piety under Sif Muna
 15763 | Lair:2   | Found a staircase to the Snake Pit.
 16701 | Lair:3   | Noticed a four-headed hydra
 16711 | Lair:3   | Killed a four-headed hydra
 16861 | Lair:3   | Noticed a seven-headed hydra
 16874 | Lair:3   | Killed a seven-headed hydra
 16874 | Lair:3   | Reached skill level 10 in Fighting
 16943 | Lair:3   | Reached skill level 11 in Summonings
 17007 | Lair:3   | Found a staircase to the Swamp.
 17012 | Lair:3   | Noticed a five-headed hydra
 17258 | Lair:3   | Killed a five-headed hydra
 18016 | Lair:3   | Reached **** piety under Sif Muna
 18329 | Lair:3   | Learned a level 5 spell: Blade Hands
 18394 | Lair:4   | Noticed an oklob plant
 18453 | Lair:4   | Reached skill level 1 in Transmutations
 18513 | Lair:4   | Gained mutation: You heal very quickly. [Vine Stalker growth]
 18513 | Lair:4   | Reached XP level 12. HP: 61/67 MP: 14/21
 18782 | Lair:4   | Noticed Nergalle
 18814 | Lair:4   | Killed Nergalle
 19781 | Lair:5   | Noticed Nessos
 20088 | Lair:5   | Reached skill level 5 in Transmutations
 20224 | Lair:5   | Killed Nessos
 20698 | Lair:5   | Noticed a death yak
 20702 | Lair:5   | Noticed a death yak
 20706 | Lair:5   | Killed a death yak
 20706 | Lair:5   | Reached skill level 5 in Unarmed Combat
 20708 | Lair:5   | Noticed a death yak
 20727 | Lair:5   | Killed a death yak
 20727 | Lair:5   | Reached ***** piety under Sif Muna
 20734 | Lair:5   | Killed a death yak
 21015 | Lair:6   | Entered Level 6 of the Lair of Beasts
 21015 | Lair:6   | Noticed a five-headed hydra
 21049 | Lair:6   | Killed a five-headed hydra
 21082 | Lair:6   | HP: 2/67 [komodo dragon (19)]
 21471 | Lair:6   | Received a gift from Sif Muna
 21958 | Lair:6   | Found a staircase to the Slime Pits.
 21996 | Lair:6   | Noticed a death yak
 22131 | Lair:6   | Killed a death yak
 22131 | Lair:6   | Reached skill level 1 in Shields
 22627 | Lair:6   | Killed from afar by a raiju

Vault maps used:
D:1:      dpeg_arrival_line_fractal
D:2:      fedhas_altar_1, okawaru_gym_becter, first_bread,
          nemelex_spade_bored_becter
D:4:      kennysheep_mini_moat, portal_sewer_entry_f, nicolae_ossuary_entry_giza
D:5:      dancing_weapons_uskayaw, nicolae_overflow_hidden_temple, basic_altar,
          uniq_grinder
D:6:      kennysheep_small_square
D:7:      minmay_temple_entry_mist, uniq_pikel
D:8:      nicolae_qazlal_general_emergency, lair_entry_dummy
D:9:      kennysheep_little_box, old_standard_altar, orc_0_dummy, basic_altar,
          hangedman_little_slice_of_home, minmay_misc_feat_room
D:10:     st_stairs_8, kennysheep_generic_room_7, uniq_snorg
Temple:   eino_temple_water
Lair:1:   infiniplex_staircase_pool
Lair:2:   minmay_snake_entry_guardpost_small, special_room, minivault_24,
          uniq_gastronok
Lair:3:   swamp_mist_pool, minivault_24
Lair:4:   pond_and_an_island_with_a_cottage, nicolae_lair_grove_arrangements,
          dpeg_oklob_1, uniq_nergalle
Lair:5:   grunt_megastairs_3, serial_bayou_shore_a, minmay_lair_oklob_chamber,
          lemuel_fruit_tree, serial_bayou_shore_b, uniq_nessos
Lair:6:   hangedman_lair_caniforms_friends, nicolae_slime_entry_slimehenge,
          grunt_megastairs_5
Ossuary:  ossuary_tomb_2

Skill      XL: |  1  2  3  4  5  6  7  8  9 10 11 12 |
---------------+-------------------------------------+-----
Unarmed Combat | 1 2 6 |  6.2
Spellcasting   | 3 5 |  5.6
Fighting       | 1 2 3 5 7 9 10 | 10.0
Air Magic      | 1 3 5 |  5.2
Summonings     | 5 7 8 11 | 11.6
Ice Magic      | 4 |  4.8
Dodging        | 4 |  4.5
Transmutations | 1 8 |  8.0
Shields        | 1 |  1.6
Stealth        | |  2.4

Action                   |  1- 3 |  4- 6 |  7- 9 | 10-12 || total
-------------------------+-------+-------+-------+-------++-------
Melee: Unarmed           |   109 |   158 |   250 |   250 ||   767
       Bite              |    27 |    46 |    65 |   104 ||   242
       Punch             |       |     2 |     2 |     3 ||     7
Throw: Stone             |     6 |     2 |       |       ||     8
       Tomahawk          |       |     2 |     1 |     1 ||     4
 Cast: Summon Small Mamm |    43 |     9 |     1 |       ||    53
       Call Imp          |     4 |    12 |    17 |       ||    33
       Call Canine Famil |     5 |    28 |    29 |    20 ||    82
       Summon Lightning  |       |       |    41 |   116 ||   157
       Summon Ice Beast  |       |       |       |    55 ||    55
       Blink             |       |       |       |     3 ||     3
       Blade Hands       |       |       |       |     2 ||     2
Invok: Divine Energy     |       |       |       |     1 ||     1
  Use: Scroll            |     2 |     1 |     5 |    14 ||    22
       Potion            |       |       |     1 |     2 ||     3
 Stab: Sleeping          |     5 |     2 |     6 |     1 ||    14
       Distracted        |       |     4 |     3 |     6 ||    13
  Eat: Chunk             |     7 |     7 |    31 |    41 ||    86
       Royal jelly       |       |     1 |     2 |     6 ||     9
       Meat ration       |       |     1 |       |       ||     1
       Bread ration      |       |       |       |     1 ||     1
Armor: Robe              |    31 |    32 |    37 |    54 ||   154
Dodge: Dodged            |    84 |    92 |   159 |   222 ||   557
